 Dungeon Crawl Stone Soup version 0.17.0-7-gfadd4cc (console) character file.

94494 Kloppie the Severer (level 15, -3/144 HPs)
             Began as a Minotaur Berserker on Nov 7, 2015.
             Was the Champion of Trog.
             Slain by a faun
             ... wielding a +0 quarterstaff
             ... led by a satyr
              (8 damage)
             ... on level 2 of the Shoals on Nov 8, 2015.
             The game lasted 01:28:45 (26273 turns).

Kloppie the Severer (Minotaur Berserker)           Turns: 26273, Time: 01:28:45

Health: -3/144     AC: 29    Str: 22    XL:     15   Next: 63%
Magic:  21/21      EV:  9    Int:  4    God:    Trog [******]
Gold:   908        SH:  0    Dex: 23    Spells: 0 memorised, 14 levels left

rFire  + . .     SeeInvis +     a - +6 battleaxe {chop, rF+ rC+}
rCold  + . .     Clarity  .     x - +2 plate armour {MR+}
rNeg   . . .     SustAt   .     (shield currently unavailable)
rPois  .         Gourm    .     H - +1 hat
rElec  .         Spirit   .     m - +2 cloak {+Inv}
rCorr  .         Warding  .     E - +0 pair of gloves of the Last Spirits {Dex+7}
rMut   .         Stasis   .     q - +2 pair of boots
MR     ++++.                    v - amulet of faith
Stlth  ..........               V - ring of see invisible
                                e - +2 ring of slaying

@: regenerating, incredibly resistant to hostile enchantments, extremely
unstealthy
A: retaliatory headbutt, horns 2
a: Berserk, Trog's Hand, Brothers in Arms, Burn Spellbooks, Renounce Religion,
Evoke Invisibility


You were on level 2 of the Shoals.
You worshipped Trog.
Trog was exalted by your worship.
You were not hungry.

You visited 4 branches of the dungeon, and saw 27 of its levels.
You also visited: Labyrinth.

You collected 2631 gold pieces.
You spent 1723 gold pieces at shops.

Inventory:

Hand Weapons
 a - the +6 battleaxe of Moderation (weapon) {chop, rF+ rC+}
   (Trog gifted it to you on level 5 of the Lair of Beasts)

   It inflicts extra damage upon your enemies.
   It protects you from fire.
   It protects you from cold.
 b - a +3 great mace
 f - a +3 antimagic executioner's axe
 n - a +1 battleaxe of freezing
Armour
 m - a +2 cloak of invisibility (worn)
 q - a +2 pair of boots (worn)
 x - a +2 plate armour of magic resistance (worn)
 E - the +0 pair of gloves of the Last Spirits (worn) {Dex+7}
   (You found it on level 2 of the Lair of Beasts)

   It affects your dexterity (+7).
 H - a +1 hat (worn)
 I - the +0 hat "Yjas" {rElec Dex+4 Slay-4 Stlth+}
   (You bought it in a shop on level 1 of the Orcish Mines)

   It affects your dexterity (+4).
   It affects your accuracy and damage with ranged weapons and melee attacks
   (-4).
   It insulates you from electricity.
   It makes you more stealthy.
Jewellery
 e - a +2 ring of slaying (left hand)
 j - an uncursed ring of flight
 k - an uncursed amulet of the gourmand
 o - an uncursed amulet of stasis
 u - an uncursed amulet of resist corrosion
 v - an amulet of faith (around neck)
 V - a ring of see invisible (right hand)
Wands
 B - a wand of digging (11)
 D - a wand of paralysis (5)
 F - a wand of teleportation (1)
 J - a wand of disintegration (19)
 M - a wand of flame (25)
 N - a wand of flame (22)
 O - a wand of invisibility (4)
Scrolls
 h - 12 scrolls of remove curse
 l - 8 scrolls of teleportation
 s - 4 scrolls of identify
 y - 5 scrolls of fog
 A - a scroll of blinking
 C - 4 scrolls of magic mapping
 G - a scroll of recharging
 K - a scroll of enchant weapon
Potions
 g - a potion of resistance
 p - 11 potions of curing
 r - 4 potions of haste
 w - 2 potions of cure mutation {unknown}
 z - 4 potions of might
 P - 3 potions of cancellation
Comestibles
 c - 16 bread rations
 d - 2 fruits
 i - 10 meat rations
 t - 2 slices of pizza
 L - 4 chunks of flesh


   Skills:
 + Level 16.2 Fighting
 + Level 19.3 Axes
 + Level 16.0 Armour
 - Level 2.7 Dodging
 - Level 10.2 Evocations


You had 14 spell levels left.
You didn't know any spells.

Dungeon Overview and Level Annotations

Branches:
Dungeon (13/15)            Temple (0/1) D:4            Lair (8/8) D:10
 Shoals (2/4) Lair:3        Snake (0/4) Lair:6        Slime (0/6) Lair:7
    Orc (4/4) D:12            Elf (0/3) Orc:4
 Vaults: D:13-14

Altars:
Ashenzari
Cheibriados
Fedhas
Qazlal
Ru
Yredelemnul
Zin
Beogh

Shops:
D:4 %   D:5 *   D:6 [   D:11 ?   Orc:1 =([[   Orc:2 *   Orc:4 %?}*


Innate Abilities, Weirdness & Mutations

You reflexively headbutt those who attack you in melee.
You have a pair of horns on your head.


Message History

* * * LOW HITPOINT WARNING * * *
The sling bullet freezes you.
* * * LOW HITPOINT WARNING * * *
The faun hits you but does no damage.
You slash the satyr!
The satyr is lightly wounded.
You slash the faun!
The faun is moderately wounded.
The faun shoots a sling bullet.
The sling bullet hits you!
* * * LOW HITPOINT WARNING * * *
You slice the satyr!! Your headbutt misses the satyr.
The satyr is heavily wounded.
You slash the faun!
The faun is severely wounded.
The satyr shoots a sling bullet.
The sling bullet hits you!!
* * * LOW HITPOINT WARNING * * *
The sling bullet freezes you.
* * * LOW HITPOINT WARNING * * *
The faun hits you with a quarterstaff!
You die...

≈...... ≈≈.≈...
≈≈≈≈... ≈..≈...
./ ≈...... ...
≈.....c#####...
≈....ccc.......
≈≈.....@......#
≈≈≈.≈≈.......##
≈≈≈....(.......
≈≈≈≈....>...≈≈.=
≈≈≈≈≈...≈....≈≈.>
≈≈≈≈≈≈≈......≈...
≈≈≈≈≈≈≈≈..(......
≈≈≈≈≈≈≈≈..)......
≈≈≈≈≈≈≈≈≈...≈...≈


You could see a satyr and 3 fauns.

Vanquished Creatures
  Rupert (Lair:7)
  Maud (Lair:5)
  Nessos (Orc:4)
  Snorg (D:13)
  A merfolk javelineer (Shoals:1)
  A minotaur (Lab)
  Josephine (Shoals:1)
  2 merfolk impalers (Shoals:1)
  An ice dragon (Lair:8)
  Erolcha (Orc:2)
  The ghost of Clownie the Formicid Aeon, a journeyman FoFi of Cheibriados (Orc:2)
  7 hydras
  6 death yaks (Lair:5)
  A tengu warrior (D:13)
  4 orc high priests (Orc:4)
  The ghost of CcS the Cleaver, a novice OpBe of Trog (D:11)
  Urug (Orc:1)
  An unseen horror (D:11)
  2 sea snakes
  A giant orange brain (D:10)
  A lindwurm (Lair:5)
  3 hill giants
  5 harpies (Shoals:1)
  6 fauns (Shoals:2)
  5 griffons
  An ugly thing (D:12)
  A wolf spider (Lair:6)
  2 cyclopes
  An orc sorcerer (Orc:4)
  12 black mambas
  6 elephants
  Maurice (Orc:1)
  2 manticores
  5 sirens
  A kobold demonologist (D:12)
  A torpor snail (Lair:8)
  13 spiny frogs
  5 fire drakes
  12 komodo dragons
  A tengu conjurer (D:12)
  5 merfolk (Shoals:1)
  3 trolls
  6 slime creatures
  A boulder beetle (Lair:7)
  37 blink frogs
  A shadow (D:13)
  4 snapping turtles
  A spriggan (D:10)
  A wyvern (Lair:5)
  4 steam dragons
  9 yaks
  Eustachio (D:5)
  3 wraiths (Shoals:1)
  The ghost of Gargoyl the Skirmisher, an amateur DsAK of Lugonu (D:3)
  3 basilisks
  18 hippogriffs
  8 porcupines
  14 wolves
  2 ice beasts (D:12)
  18 water moccasins
  A sky beast (D:12)
  22 orc warriors
  2 eyes of draining
  19 ogres
  2 black bears
  7 centaurs
  4 wasps
  4 big kobolds
  4 brain worms (D:10)
  24 crocodiles
  19 giant frogs
  4 gnoll sergeants (D:12)
  A wyvern skeleton (D:12)
  5 killer bees (D:12)
  4 scorpions
  19 wights
  3 electric eels (Lair:5)
  2 jellies
  A wasp zombie (D:11)
  A centaur zombie (D:10)
  6 crimson imps
  A gnoll shaman (D:8)
  7 giant frog skeletons
  7 hounds
  34 orc wizards
  8 iguanas
  6 hell rats (Lair:4)
  Jessica (D:3)
  Terence (D:3)
  4 centaur skeletons
  42 orc priests
  8 worker ants
  25 sheep
  A killer bee zombie (D:7)
  2 hound zombies
  2 worker ant zombies
  8 gnolls
  63 river rats
  3 shadow imps
  22 adders
  3 white imps (Lair:8)
  2 adder skeletons
  6 giant geckos
  141 orcs
  7 bats
  3 goblins
  9 hobgoblins
  14 jackals
  6 quokkas
  4 ball pythons
  6 giant cockroaches
  A giant gecko skeleton (D:5)
  5 giant newts
  A jackal zombie (D:5)
  12 kobolds
  8 rats
  A spectral orc (D:9)
  11 fungi
  10 plants
909 creatures vanquished.

Vanquished Creatures (collateral kills)
  Saint Roka (Orc:4)
  The ghost of krfreak the Markscentaur, a journeyman CeHu of Okawaru (Lair:2)
  2 catoblepae
  2 death yaks (Lair:8)
  A lindwurm (Lair:8)
  A manticore (Lair:8)
  An elephant (Lair:8)
  A fire drake (Lair:8)
  A komodo dragon (Lair:8)
  A troll (Orc:4)
  A basilisk (Lair:2)
  A steam dragon (Lair:8)
  A porcupine (Lair:2)
  3 orc warriors (Orc:4)
  2 orcs (Orc:4)
20 creatures vanquished.

Vanquished Creatures (others)
  An orc (Orc:1)
  3 fungi
  A plant (Lair:1)
5 creatures vanquished.

Grand Total: 934 creatures vanquished

Notes
Turn   | Place    | Note
--------------------------------------------------------------
     0 | D:1      | Kloppie the Minotaur Berserker began the quest for the Orb.
     0 | D:1      | Reached XP level 1. HP: 19/19 MP: 0/0
   361 | D:1      | Reached skill level 4 in Axes
   387 | D:1      | Reached XP level 2. HP: 17/26 MP: 1/1
  1333 | D:2      | Reached XP level 3. HP: 30/33 MP: 2/2
  1618 | D:2      | Found a stormy altar of Qazlal.
  1653 | D:2      | Reached ** piety under Trog
  2002 | D:3      | Noticed Terence
  2013 | D:3      | Killed Terence
  2013 | D:3      | Reached XP level 4. HP: 40/40 MP: 3/3
  2045 | D:3      | Noticed Jessica
  2052 | D:3      | Killed Jessica
  2052 | D:3      | Reached skill level 5 in Axes
  2158 | D:3      | Noticed Gargoyl's ghost (amateur DsAK)
  2174 | D:3      | Killed Gargoyl's ghost
  2174 | D:3      | Reached skill level 5 in Fighting
  2174 | D:3      | Reached XP level 5. HP: 45/48 MP: 4/4
  2222 | D:3      | Found a faded altar to an unknown god.
  2629 | D:4      | Reached XP level 6. HP: 49/56 MP: 5/5
  2664 | D:4      | Noticed an ogre
  2672 | D:4      | Killed an ogre
  2672 | D:4      | Reached skill level 6 in Axes
  2759 | D:4      | Reached skill level 5 in Armour
  2959 | D:4      | HP: 2/57 [poisoned by a scorpion]
  3275 | D:4      | Reached XP level 7. HP: 63/63 MP: 6/6
  3322 | D:4      | Found Zeys Lorgh's Food Shop.
  3557 | D:4      | Found a staircase to the Ecumenical Temple.
  3611 | D:5      | Entered Level 5 of the Dungeon
  3621 | D:5      | Reached *** piety under Trog
  3696 | D:5      | Reached skill level 7 in Axes
  3909 | D:5      | Noticed Eustachio
  3949 | D:5      | Killed Eustachio
  3981 | D:5      | Reached XP level 8. HP: 43/73 MP: 7/7
  4056 | D:5      | Found Weplienn's Assorted Antiques.
  4059 | D:5      | Bought a scroll labeled XURYOB KYKAITS for 22 gold pieces
  4059 | D:5      | Bought a scroll labeled ROCYTU MONYO for 22 gold pieces
  4241 | D:6      | Upgraded the game from 0.17.0 to 0.17.0-7-gfadd4cc
  4308 | D:6      | Reached skill level 8 in Axes
  4334 | D:6      | Found Zouw's Antique Armour Shoppe.
  4475 | D:6      | Reached **** piety under Trog
  4697 | D:6      | Found a snail-covered altar of Cheibriados.
  5282 | D:7      | Reached skill level 9 in Axes
  5282 | D:7      | Reached XP level 9. HP: 57/82 MP: 8/8
  5437 | D:7      | Found a blossoming altar of Fedhas.
  5437 | D:7      | Found a sacrificial altar of Ru.
  5867 | D:8      | Reached ***** piety under Trog
  6037 | D:8      | Reached skill level 10 in Axes
  6289 | D:8      | Reached skill level 10 in Fighting
  6340 | D:8      | Found a shattered altar of Ashenzari.
  6482 | D:9      | Found a glowing silver altar of Zin.
  6886 | D:9      | Received a gift from Trog
  6892 | D:9      | Reached skill level 10 in Armour
  6911 | D:9      | Found a basalt altar of Yredelemnul.
  7029 | D:9      | Reached XP level 10. HP: 72/94 MP: 3/9
  7046 | D:10     | Entered Level 10 of the Dungeon
  7060 | D:10     | Noticed a hill giant
  7068 | D:10     | Killed a hill giant
  7097 | D:10     | Noticed a giant orange brain
  7112 | D:10     | Killed a giant orange brain
  7112 | D:10     | Reached skill level 11 in Fighting
  7308 | D:10     | Found a staircase to the Lair.
  7408 | D:10     | Noticed a hill giant
  7417 | D:10     | Killed a hill giant
  7802 | Lair:1   | Entered Level 1 of the Lair of Beasts
  8281 | Lair:1   | Reached skill level 12 in Axes
  8866 | Lair:1   | Reached XP level 11. HP: 104/104 MP: 3/10
  9548 | Lair:2   | Noticed an eight-headed hydra
  9704 | D:11     | Found Baanat's Magic Scroll Shop.
  9715 | D:11     | Noticed CcS's ghost (novice OpBe)
  9728 | D:11     | Killed CcS's ghost
  9812 | D:11     | Killed an unseen horror
 10286 | D:12     | Reached skill level 13 in Axes
 10345 | D:12     | Received a gift from Trog
 10361 | D:12     | Noticed a hill giant
 10368 | D:12     | Killed a hill giant
 10529 | D:12     | Found a labyrinth entrance.
 10538 | Lab      | Entered a labyrinth
 10625 | Lab      | Noticed a minotaur
 10632 | Lab      | Killed a minotaur
 10632 | Lab      | Received a gift from Trog
 10651 | Lab      | Identified the Guide on Warped Boosts
 10652 | Lab      | Got a faintly humming chain mail
 10667 | D:12     | Identified the +5 chain mail of Wiacvat {Dex+2} (You found it in a labyrinth)
 11062 | D:12     | Found a staircase to the Orcish Mines.
 11092 | D:12     | Reached XP level 12. HP: 25/115 MP: 3/11
 11262 | D:13     | Noticed Snorg
 11285 | D:13     | Killed Snorg
 11562 | D:13     | Reached skill level 14 in Axes
 11820 | Lair:2   | Killed an eight-headed hydra
 11825 | Lair:2   | Noticed krfreak's ghost (journeyman CeHu)
 11828 | Lair:2   | Killed krfreak's ghost
 12049 | Lair:2   | Got a pair of warped gloves
 12060 | Lair:2   | Identified the cursed +0 pair of gloves of the Last Spirits {Dex+7} (You found it on level 2 of the Lair of Beasts)
 12194 | Lair:2   | Reached skill level 1 in Evocations
 12243 | Lair:2   | Noticed a five-headed hydra
 12256 | Lair:2   | Killed a five-headed hydra
 12836 | Lair:3   | Noticed an eight-headed hydra
 12848 | Lair:3   | Killed an eight-headed hydra
 12942 | Lair:3   | Received a gift from Trog
 13023 | Lair:3   | Found a staircase to the Shoals.
 13094 | Lair:3   | Reached skill level 15 in Axes
 13843 | D:6      | Bought a faintly glowing plate armour for 756 gold pieces
 13855 | D:6      | Identified the cursed +1 plate armour "Dinnet" {MP+9 SInv} (You bought it in a shop on level 6 of the Dungeon)
 14405 | Lair:4   | Noticed a catoblepas
 14411 | Lair:4   | Killed a catoblepas
 14638 | Lair:4   | Reached skill level 5 in Evocations
 14866 | Lair:4   | Noticed a six-headed hydra
 14878 | Lair:4   | Killed a six-headed hydra
 14901 | Lair:4   | Reached XP level 13. HP: 110/124 MP: 5/15
 15015 | Lair:4   | Noticed an eight-headed hydra
 15025 | Lair:4   | Killed an eight-headed hydra
 15132 | Lair:4   | Reached ****** piety under Trog
 16075 | Lair:5   | Noticed Maud
 16084 | Lair:5   | Killed Maud
 16084 | Lair:5   | Reached skill level 16 in Axes
 16126 | Lair:5   | Received a gift from Trog
 16127 | Lair:5   | Got a shimmering battleaxe {god gift}
 16128 | Lair:5   | Identified the +6 battleaxe of Moderation {chop, rF+ rC+} (Trog gifted it to you on level 5 of the Lair of Beasts)
 16972 | Lair:5   | Found a basalt altar of Yredelemnul.
 17189 | Lair:6   | Found a staircase to the Snake Pit.
 17240 | Lair:6   | Reached skill level 17 in Axes
 17252 | Lair:6   | Received a gift from Trog
 17492 | Lair:6   | Reached XP level 14. HP: 120/132 MP: 19/19
 18433 | Lair:7   | Received a gift from Trog
 18699 | Lair:7   | Noticed Rupert
 18711 | Lair:7   | Killed Rupert
 18711 | Lair:7   | Reached skill level 10 in Evocations
 18961 | Lair:7   | Found a staircase to the Slime Pits.
 19329 | Orc:1    | Entered Level 1 of the Orcish Mines
 19350 | Orc:1    | Received a gift from Trog
 19491 | Orc:1    | Found a roughly hewn altar of Beogh.
 19584 | Orc:2    | Noticed Clownie's ghost (journeyman FoFi)
 19605 | Orc:2    | Killed Clownie's ghost
 19605 | Orc:2    | Reached skill level 18 in Axes
 19724 | Orc:2    | Found Kowues's General Store.
 19775 | Orc:2    | Noticed Erolcha
 19780 | Orc:2    | Killed Erolcha
 19817 | Orc:2    | Received a gift from Trog
 20082 | Orc:1    | Found Codilora's Jewellery Shoppe.
 20088 | Orc:1    | Found Ynoc's Antique Weapon Boutique.
 20270 | Orc:1    | Found Unyh Jeew's Armour Shoppe.
 20270 | Orc:1    | Noticed Urug
 20276 | Orc:1    | Killed Urug
 20277 | Orc:1    | Noticed Maurice
 20293 | Orc:1    | Killed Maurice
 20305 | Orc:1    | Bought a +2 plate armour of magic resistance for 680 gold pieces
 20329 | Orc:1    | Found Ettur's Antique Armour Shop.
 20376 | Orc:1    | Bought a translucent hat for 243 gold pieces
 20376 | Orc:1    | Identified the +0 hat "Yjas" {rElec Dex+4 Slay-4 Stlth+} (You bought it in a shop on level 1 of the Orcish Mines)
 20585 | Orc:3    | Received a gift from Trog
 20773 | Orc:4    | Entered Level 4 of the Orcish Mines
 20925 | Orc:4    | Found a staircase to the Elven Halls.
 20975 | Orc:4    | Noticed Nessos
 21616 | Orc:4    | Killed Nessos
 21971 | Orc:4    | Received a gift from Trog
 22181 | Orc:4    | Found Pomuor's Magic Scroll Shoppe.
 22181 | Orc:4    | Found Vaxedd's General Store.
 22181 | Orc:4    | Found Xomo's Gadget Emporium.
 22184 | Orc:4    | Found Qerghu's Food Shoppe.
 22363 | Orc:4    | Noticed Saint Roka
 22372 | Orc:4    | Killed Saint Roka
 22372 | Orc:4    | Reached skill level 15 in Fighting
 22916 | Lair:8   | Entered Level 8 of the Lair of Beasts
 22927 | Lair:8   | Received a gift from Trog
 23203 | Lair:8   | Reached XP level 15. HP: 68/141 MP: 21/21
 23593 | Lair:8   | Reached skill level 15 in Armour
 23906 | Lair:8   | Received a gift from Trog
 24580 | Shoals:1 | Entered Level 1 of the Shoals
 24941 | Shoals:1 | Reached skill level 19 in Axes
 25162 | Shoals:1 | Noticed Josephine
 25175 | Shoals:1 | Killed Josephine
 26146 | Shoals:2 | Received a gift from Trog
 26273 | Shoals:2 | HP: 7/144 [satyr/sling bullet (23)]
 26273 | Shoals:2 | Slain by a faun

Action                   |  1- 3 |  4- 6 |  7- 9 | 10-12 | 13-15 || total
-------------------------+-------+-------+-------+-------+-------++-------
Melee: Hand axe          |    79 |   113 |   375 |       |       ||   567
       Battleaxe         |       |       |    33 |       |   802 ||   835
       Executioner's axe |       |       |     2 |   473 |    72 ||   547
       Dire flail        |       |       |       |    41 |     6 ||    47
       Great mace        |       |       |       |       |    10 ||    10
Invok: Berserk           |       |     3 |     3 |     7 |     5 ||    18
       Trog's Hand       |       |     1 |       |    10 |    15 ||    26
       Brothers in Arms  |       |       |       |     4 |     4 ||     8
 Abil: Stop Flying       |       |       |       |       |     1 ||     1
       Evoke Flight      |       |       |       |       |     1 ||     1
Evoke: Wand              |       |       |       |       |     3 ||     3
  Use: Scroll            |       |       |    22 |     6 |     8 ||    36
       Potion            |       |       |       |     2 |     2 ||     4
 Stab: Distracted        |       |       |       |       |     1 ||     1
       Paralysed         |       |       |       |       |     3 ||     3
  Eat: Chunk             |     3 |     7 |    16 |    25 |    44 ||    95
       Fruit             |       |       |       |     5 |       ||     5
       Beef jerky        |       |       |       |     4 |     1 ||     5
